 Dungeon Crawl Stone Soup version 0.30-a0-1043-g60ff8d5f49 (webtiles) character file.

Game seed: 975077896880338413

2247 DeathPants the Fighter (level 9, -2/88 HPs)
             Began as a Naga Venom Mage on Apr 9, 2023.
             Was a Follower of Kikubaaqudgha.
             Slain by a bullfrog (3 damage)
             ... on level 6 of the Dungeon.
             The game lasted 00:22:27 (6815 turns).

DeathPants the Fighter (Naga Venom Mage)            Turns: 6815, Time: 00:22:27

Health: -2/88      AC: 10    Str: 21    XL:     9   Next: 37%
Magic:  2/15       EV:  9    Int: 23    God:    Kikubaaqudgha [*.....]
Gold:   343        SH:  0    Dex: 13    Spells: 2/16 levels left

rFire   . . .      SeeInvis +    m - +1 flail
rCold   . . .      Faith    .    (no shield)
rNeg    + . .      Spirit   .    a - +0 robe
rPois   +          Reflect  .    (no helmet)
rElec   .          Rampage  .    q - +0 cloak
rCorr   .                        f - +0 pair of gloves
Will    +....                    w - +0 barding "Mihuq" {Drain Str+5 Int+5}
Stlth   ++                       d - amulet "Alogot" {Regen+ Str+3 Dex+2}
HPRegen 1.14/turn                c - ring of positive energy
MPRegen 0.14/turn                (no ring)

@: invisible, very slow
A: AC +3, large, see invisible, deformed body, poison resistance, slowness 2,
spit poison 1, naga tail 1
a: Spit Poison, Renounce Religion, Unearth Wretches


You were on level 6 of the Dungeon.
You worshipped Kikubaaqudgha.
Kikubaaqudgha was aware of your devotion.
You visited 2 branches of the dungeon, and saw 7 of its levels.

You collected 343 gold pieces.

Inventory:

Hand Weapons
 m - a +1 flail (weapon)
 A - a +0 morningstar
Missiles
 g - 2 silver boomerangs
 k - 6 boomerangs
 l - 4 poisoned darts
 u - 7 javelins
 x - 2 atropa-tipped darts
 D - 4 curare-tipped darts
Armour
 a - a +0 robe (worn)
 e - a +1 barding of fire resistance
 f - a +0 pair of gloves (worn)
 q - a +0 cloak (worn)
 w - the +0 barding "Mihuq" (worn) {Drain Str+5 Int+5}
   (You acquired it on level 4 of the Dungeon)

   Str:       It affects your strength (+5).
   Int:       It affects your intelligence (+5).
   Drain:     It drains your maximum health when unequipped.
Jewellery
 c - a ring of positive energy (left hand)
 d - the amulet "Alogot" (around neck) {Regen+ Str+3 Dex+2}
   (You acquired it on level 3 of the Dungeon)

   [amulet of regeneration]

   Str:       It affects your strength (+3).
   Dex:       It affects your dexterity (+2).
   Regen:     It increases your rate of health regeneration.
Wands
 y - a wand of charming (5)
 z - a wand of iceblast (4)
 C - a wand of flame (15)
Scrolls
 i - a scroll of teleportation
 o - a scroll of magic mapping
 t - a scroll of amnesia
Potions
 b - a potion of magic
 h - 2 potions of mutation {unknown}
 n - 2 potions of curing
 p - 3 potions of flight {unknown}
 s - a potion of degeneration {unknown}


   Skills:
 - Level 8.0 Fighting
 - Level 4.0 Dodging
 - Level 3.0 Stealth
 + Level 4.1 Spellcasting
 - Level 4.0 Conjurations
 - Level 1.0 Transmutations
 - Level 4.0 Air Magic
 - Level 6.0 Poison Magic


You had 2 spell levels left.
You knew the following spells:

 Your Spells              Type           Power      Damage    Failure   Level
a - Sting                 Tmut/Pois      80%        1d7       2%          1
b - Poisonous Vapours     Pois/Air       54%        N/A       1%          2
c - Mephitic Cloud        Conj/Pois/Air  26%        N/A       4%          3
d - Olgreb's Toxic Radia  Pois           32%        N/A       9%          4
e - Dispel Undead         Necr           4%         3d7       71%         4

Your spell library contained the following spells:

 Spells                   Type           Power      Damage    Failure   Level
 Kiss of Death            Conj/Necr      52%        2d9       4%          1
 Cigotuvi's Dreadful Rot  Necr/Pois/Air  40%        N/A       4%          2
 Necrotise                Necr           16%        1d4       11%         1
 Hailstorm                Conj/Ice       13%        3d5       14%         3
 Summon Guardian Golem    Hex/Summ       4%         N/A       30%         3
 Vampiric Draining        Necr           4%         2d6       30%         3
 Ice Form                 Ice/Tmut       7%         N/A       63%         4
 Animate Dead             Necr           4%         N/A       71%         4
 Death Channel            Necr           2%         N/A       100%        6
 Simulacrum               Ice/Necr       2%         N/A       100%        6
 Orb of Destruction       Conj           11%        9d6       100%        7
 Spellforged Servitor     Conj/Summ      6%         N/A       100%        7


Dungeon Overview and Level Annotations

Branches:
Dungeon (6/15)             Temple (1/1) D:4

Altars:
Ashenzari
Cheibriados
Dithmenos
Elyvilon
Fedhas
Gozag
Kikubaaqudgha
Makhleb
Nemelex Xobeh
Okawaru
Ru
Sif Muna
Trog
Uskayaw
Vehumet
Wu Jian
Xom
Yredelemnul
Zin
The Shining One

Shops:
D:2 [   D:6 [


Innate Abilities, Weirdness & Mutations

Your serpentine skin is tough. (AC +3)
You have supernaturally acute eyesight. (SInv)
Armour fits poorly on your strangely shaped body.
Your system is resistant to poisons. (rPois)
You cover ground very slowly.
You can spit poison.
You have a snake-like lower body.


Message History

Kikubaaqudgha accepts your kill. The wight misses you.
You don't have enough magic to cast this spell.
You don't have enough magic to cast this spell.
You barely miss the ogre.
The ogre is severely wounded.
Your toxic aura wanes.
The wight hits you from afar with a +3 halberd.
The ogre hits you with a +0 giant club!
The wight hits you from afar with a +3 halberd!
You hit the ogre but do no damage.
The ogre is almost dead.
The ogre hits you with a +0 giant club!
The wight hits you from afar with a +3 halberd!
* * * LOW HITPOINT WARNING * * *
You partially resist.
You feel drained.
You hit the ogre.
You kill the ogre!
Kikubaaqudgha accepts your kill.
The wight hits you from afar with a +3 halberd.
* * * LOW HITPOINT WARNING * * *
The bullfrog hits you but does no damage.
The wight closely misses you.
The bullfrog hits you but does no damage.
Your magical contamination has completely faded away.
Your life force feels restored.
Training target 8.0 for Fighting reached!
Your Fighting skill increases to level 8!
You need to enable at least one skill for training.
You feel better. The bullfrog hits you.
* * * LOW HITPOINT WARNING * * *
The wight hits you from afar with a +3 halberd!
* * * LOW HITPOINT WARNING * * *
You fade into invisibility!
The bullfrog completely misses you.
The wight hits you from afar with a +3 halberd!
* * * LOW HITPOINT WARNING * * *
The bullfrog hits you.
You die...
Kikubaaqudgha rasps: "You have failed me!
Welcome... death!"

#.#.#.######.
#............
#.#.#.#####.# .
##........>.. ###..
##.#######.> ...... #.#
#.# #...#.. ###.###
#.#....... #.....#
#####z#...#
#.#†#.###..@F.....# #..#
#.......#.#####...# #..#
#.#.#.#.#.### #...# #..#
#.....#.....# #...####..#
#...###.###.###.........#
##......###.....#.#≈≈≈#.##
#.####.##........≈≈~~~..#
#.# #......#####≈≈∩....###
#.# ####...# #≈≈~~~.....


You could see a bullfrog (unable to see you, poisoned) and a wight (unable to
see you).

Vanquished Creatures
  A hornet (D:5)
  Duvessa (D:4)
  A water moccasin (D:5)
  An orc warrior (D:6)
  4 black bears
  An ogre (D:6)
  3 centaurs
  3 phantoms
  A bullfrog (D:4)
  2 scorpions
  Dowan (D:4)
  An orc priest (D:6)
  A jelly (D:6)
  2 sleepcaps (D:6)
  2 hounds
  Jessica (D:3)
  7 iguanas
  Natasha (D:2)
  An orc wizard (D:6)
  6 adders
  A shadow imp (D:5)
  3 white imps
  2 ufetubi (D:5)
  3 worms
  3 dart slugs
  14 orcs
  4 ball pythons
  5 endoplasms
  A giant cockroach (D:3)
  A goblin (D:3)
  3 hobgoblins
  A jackal (D:5)
  10 kobolds
  5 quokkas
  6 bats
  13 frilled lizards
  6 rats
122 creatures vanquished.

Vanquished Creatures (others)
  5 plants (D:4)
5 creatures vanquished.

Grand Total: 127 creatures vanquished

Notes
Turn   | Place    | Note
-------+----------+-------------------------------------------
     0 | D:1      | DeathPants the Naga Venom Mage began the quest for the Orb.
     0 | D:1      | Reached XP level 1. HP: 15/15 MP: 3/3
   219 | D:1      | Reached XP level 2. HP: 4/22 MP: 1/5
   337 | D:1      | Learned a level 2 spell: Poisonous Vapours
   400 | D:1      | Reached skill level 5 in Poison Magic
   884 | D:2      | Reached XP level 3. HP: 25/28 MP: 2/6
   931 | D:2      | Learned a level 3 spell: Mephitic Cloud
  1343 | D:2      | Reached skill level 1 in Air Magic
  1370 | D:2      | Found Oxoamuim's Armour Shop.
  1517 | D:2      | Reached XP level 4. HP: 26/36 MP: 5/7
  1611 | D:2      | Noticed Natasha
  1618 | D:2      | Killed Natasha
  1801 | D:3      | You fall into a shaft and drop 2 floors!
  1801 | D:5      | Entered Level 5 of the Dungeon
  1805 | D:5      | Noticed a scorpion
  1811 | D:5      | Killed a scorpion
  1812 | D:5      | Reached XP level 5. HP: 42/42 MP: 3/8
  1959 | D:4      | Noticed Duvessa
  1959 | D:4      | Noticed Dowan
  1982 | D:4      | Killed Duvessa
  1983 | D:4      | Reached XP level 6. HP: 39/49 MP: 2/9
  1984 | D:4      | Killed Dowan
  2186 | D:4      | Found a staircase to the Ecumenical Temple.
  2203 | Temple   | Entered the Ecumenical Temple
  2757 | D:4      | Reached XP level 7. HP: 14/55 MP: 6/10
  2762 | D:4      | Learned a level 4 spell: Olgreb's Toxic Radiance
  3261 | D:3      | Found a hide-covered altar of Uskayaw.
  3313 | D:3      | Noticed Jessica
  3317 | D:3      | Killed Jessica
  3460 | D:3      | Found a basalt altar of Yredelemnul.
  3468 | D:3      | Noticed a profane servitor
  3478 | D:3      | Found a glowing golden altar of the Shining One.
  3482 | D:3      | Noticed an angel
  3604 | D:3      | Found a sparkling altar of Nemelex Xobeh.
  3747 | D:3      | Found a faded altar of an unknown god.
  4109 | D:3      | Identified 2 scrolls of acquirement
  4109 | D:3      | Acquired the amulet "Alogot" {Regen+ Str+3 Dex+2}
  4126 | D:3      | Acquired a +0 barding of fire resistance
  4178 | D:4      | Found an ancient bone altar of Kikubaaqudgha.
  4194 | D:4      | Became a worshipper of Kikubaaqudgha
  4640 | D:4      | Acquired the +0 barding "Mihuq" {Drain Str+5 Int+5}
  4833 | D:5      | Found a radiant altar of Vehumet.
  5471 | D:5      | Reached XP level 8. HP: 22/62 MP: 14/14
  5544 | D:5      | Reached skill level 1 in Fighting
  5709 | D:5      | Reached skill level 2 in Fighting
  5729 | D:5      | Reached skill level 3 in Fighting
  5975 | D:5      | Learned a level 4 spell: Dispel Undead
  5979 | D:5      | Reached skill level 4 in Fighting
  6224 | D:6      | Reached skill level 5 in Fighting
  6407 | D:6      | Reached * piety under Kikubaaqudgha
  6407 | D:6      | Received a gift from Kikubaaqudgha
  6408 | D:6      | Reached skill level 6 in Fighting
  6503 | D:6      | Reached XP level 9. HP: 83/85 MP: 7/15
  6593 | D:6      | Noticed a hornet
  6593 | D:6      | HP: 4/85 [centaur/arrow (4)]
  6596 | D:6      | Reached skill level 7 in Fighting
  6607 | D:6      | Paralysed by a hornet for 1 turns
  6607 | D:6      | HP: 1/86 [hornet (13)]
  6621 | D:5      | Killed a hornet
  6750 | D:6      | Found Nyrphas's Armour Shop.
  6814 | D:6      | Reached skill level 8 in Fighting
  6815 | D:6      | HP: 1/88 [wight/+3 halberd (12)]
  6815 | D:6      | Slain by a bullfrog

Illustrated notes

Levels and vault maps discovered:
D:1:      eino_arrival_cavern_d, layout_rooms, serial_corexii_hall,
          corexii_hall_statues_t, chequers_hall_statues_wall_a,
          amethyst_killhole
D:2:      layout_loops_cross, serial_shops, nicolae_shop_stone, uniq_natasha
D:3:      layout_basic, grunt_temple_overflow_holy_war,
          mainiacjoe_overflow_big_doors, basic_ecumenical_altar, uniq_jessica
D:4:      cheibrodos_quashed, layout_basic, nicolae_kikubaaqudgha_miasma_corner,
          temple_fountains, roderic_serpentine_path, minmay_lizard_king,
          uniq_duvessa
D:5:      layout_basic, old_standard_altar, kennysheep_nub,
          minmay_joined_circles
D:6:      layout_loops_ring, serial_shops, nicolae_shop_waterfront,
          serial_glass, glass_columns_a, glass_columns_a,
          kennysheep_generic_room_14
Temple:   nicolae_temple_bog_church

Skill      XL: |  1  2  3  4  5  6  7  8  9 |
---------------+----------------------------+-----
Poison Magic   | 5 6 |  6.0
Air Magic      | 1 3 4 |  4.0
Conjurations   | 2 4 |  4.0
Spellcasting   | 4 |  4.1
Dodging        | 3 4 |  4.0
Fighting       | 6 8 |  8.0
Stealth        | |  3.0
Transmutations | |  1.0

Action                     |  1- 3 |  4- 6 |  7- 9 || total
---------------------------+-------+-------+-------++-------
  Melee: Mace              |    28 |       |       ||    28
         Flail             |    14 |    77 |   241 ||   332
         Punch             |     1 |     1 |     3 ||     5
  Throw: Dart              |       |       |     1 ||     1
   Cast: Sting             |    40 |    27 |     9 ||    76
         Poisonous Vapours |       |     2 |    83 ||    85
         Olgreb's Toxic Ra |       |       |     7 ||     7
Ability: Spit Poison       |     1 |     1 |       ||     2
    Use: Scroll            |       |     2 |    21 ||    23
         Potion            |       |     2 |     4 ||     6
   Stab: Sleeping          |       |     2 |       ||     2
 Armour: Robe              |     8 |    23 |   204 ||   235
         Skin              |       |    30 |       ||    30
  Dodge: Dodged            |    27 |    60 |   223 ||   310

Table legend: (Time is in decaauts)
 A = Elapsed time spent in this place.
 B = Non-inter-level travel time spent in this place.
 C = Inter-level travel time spent in this place.
 D = Time resting spent in this place.
 E = Time spent auto-exploring this place.
 F = Levels seen in this place.
 G = Mean time per level.
                   A        B        C        D        E       F      G
               +--------+--------+--------+--------+--------+-----+--------+
         Total |   8491 |   8339 |    152 |    280 |   6093 |   7 | 1213.0 |
       Dungeon |   8258 |   8117 |    141 |    280 |   5886 |   6 | 1376.3 |
        Temple |    232 |    221 |     11 |      0 |    207 |   1 |  232.0 |
               +--------+--------+--------+--------+--------+-----+--------+

Top non-repeatable levels by time:
     D:4: 1966 daAuts
     D:5: 1780 daAuts
     D:3: 1552 daAuts
     D:2: 1184 daAuts
     D:1: 988 daAuts
     D:6: 787 daAuts
  Temple: 232 daAuts
